SAAA
VERMONT LAKE MONSTERS @ ALLOWAY HALBERDS
09/01/2024
 
TOP OF THE 1ST
Vermont Lake Monsters batting - Pitching for Alloway Halberds : RHP Daniel Martínez
Pitching: RHP Daniel Martínez
Batting: LHB Tim Hill 0-0: Swinging Strike
0-1: Foul Ball, location: 2F
0-2: Foul Ball, location: 2F
0-2: Strikes out swinging
Batting: RHB Ray John 0-0: Called Strike
0-1: Ball
1-1: Ball
2-1: Swinging Strike
2-2: Ball
3-2: Ground out 5-3 (Groundball, 5S)
Batting: RHB Sean MacKnight 0-0: Ball
1-0: Called Strike
1-1: Ball
2-1: Ball
3-1: Foul Ball, location: 2F
3-2: Base on Balls
Batting: LHB Manny Valentín 0-0: DOUBLE (Line Drive, 89XD)
Sean MacKnight to third
Runner from 3rd tries for Home, SAFE, no throw or cutoff
Batting: RHB Floyd Mitchell 0-0: Ball
1-0: Ground out 6-3 (Groundball, 6)
Top of the 1st over - 1 run(s), 1 hit(s), 0 error(s), 1 left on base; Vermont 1 - Alloway 0
BOTTOM OF THE 1ST
Alloway Halberds batting - Pitching for Vermont Lake Monsters : RHP Roberto Cantú
Pitching: RHP Roberto Cantú
Batting: RHB Juan Salinas 0-0: Ball
1-0: Foul Ball, location: 2F
1-1: SINGLE (Groundball, 56D)
Batting: RHB Carlos Maldonado 0-0: Ball
1-0: Ball
2-0: Fly out, F7 (Line Drive, 7S)
Batting: RHB Christovăo Galho 0-0: Ball
1-0: Ball
2-0: Ball
3-0: Called Strike
3-1: SINGLE (Groundball, 4M)
Juan Salinas to second
Batting: RHB Jarred Morgan 0-0: TRIPLE (Line Drive, 8LM)
Juan Salinas scores
Christovăo Galho scores
Batting: RHB Dennis Clifton 0-0: Swinging Strike
0-1: Ground out 6-3 (Groundball, 6)
Jarred Morgan scores
Batting: RHB Stewart Ralston 0-0: Ball
1-0: Ball
2-0: Foul Ball, location: 2F
2-1: Fly out, F6 (Popup, 6D)
Bottom of the 1st over - 3 run(s), 3 hit(s), 0 error(s), 0 left on base; Vermont 1 - Alloway 3
TOP OF THE 2ND
Vermont Lake Monsters batting - Pitching for Alloway Halberds : RHP Daniel Martínez
Batting: RHB Chuck Wolf 0-0: Foul Ball, location: 2F
0-1: Swinging Strike
0-2: Ground out 2-3 (Groundball, 2R)
Batting: RHB Domenic Gallard 0-0: Ball
1-0: Called Strike
1-1: Swinging Strike
1-2: Ball
2-2: Strikes out looking
Batting: RHB Raúl Valadez 0-0: Called Strike
0-1: Ground out 6-3 (Groundball, 6M)
Top of the 2nd over - 0 run(s), 0 hit(s), 0 error(s), 0 left on base; Vermont 1 - Alloway 3
BOTTOM OF THE 2ND
Alloway Halberds batting - Pitching for Vermont Lake Monsters : RHP Roberto Cantú
Batting: SHB Ron Peterson 0-0: Foul Ball, location: 2F
0-1: SINGLE (Groundball, 6MD)
Batting: LHB Esteban Casillas 0-0: Foul Ball, location: 2F
0-1: Foul Ball, location: 2F
0-2: Strikes out swinging
Batting: SHB Pancho De La Rosa 0-0: Called Strike
0-1: Ball
1-1: Ball
2-1: Swinging Strike
2-2: Ball
3-2: Foul Ball, location: 2F
3-2: Fly out, F7 (Flyball, 78M)
Batting: RHB Juan Salinas 0-0: Ball
Ron Peterson steals 2nd base
1-0: Fly out, F8 (Flyball, 8RM)
Bottom of the 2nd over - 0 run(s), 1 hit(s), 0 error(s), 1 left on base; Vermont 1 - Alloway 3
TOP OF THE 3RD
Vermont Lake Monsters batting - Pitching for Alloway Halberds : RHP Daniel Martínez
Batting: RHB Fernando Castro 0-0: Ground out 6-3 (Groundball, 6)
Batting: LHB Tim Hill 0-0: Ground out 4-3 (Groundball, 4)
Batting: RHB Ray John 0-0: Ball
1-0: Ball
2-0: Ball
3-0: Called Strike
3-1: Base on Balls
Batting: RHB Sean MacKnight 0-0: Ball
1-0: Ball
2-0: Ball
3-0: Swinging Strike
3-1: Base on Balls
Ray John to second
Batting: LHB Manny Valentín 0-0: Ball
1-0: Called Strike
1-1: Ball
2-1: Ball
3-1: Foul Ball, location: 2F
3-2: Ground out 4-3 (Groundball, 4)
Top of the 3rd over - 0 run(s), 0 hit(s), 0 error(s), 2 left on base; Vermont 1 - Alloway 3
BOTTOM OF THE 3RD
Alloway Halberds batting - Pitching for Vermont Lake Monsters : RHP Roberto Cantú
Batting: RHB Carlos Maldonado 0-0: Called Strike
0-1: Called Strike
0-2: Strikes out swinging, 2-3 out at first.
Batting: RHB Christovăo Galho 0-0: Ball
1-0: Ball
2-0: Ball
3-0: Called Strike
3-1: Called Strike
3-2: SOLO HOME RUN (Flyball, 9LD), Distance : 360 ft
Batting: RHB Jarred Morgan 0-0: Ball
1-0: Ball
2-0: Swinging Strike
2-1: Ball
3-1: Called Strike
3-2: Strikes out swinging
Batting: RHB Dennis Clifton 0-0: Ball
1-0: Ball
2-0: Foul Ball, location: 2F
2-1: SINGLE (Line Drive, 56)
Batting: RHB Stewart Ralston 0-0: Called Strike
0-1: Ball
1-1: Foul Ball, location: 2F
1-2: Foul Ball, location: 2F
1-2: Ball
2-2: Foul Ball, location: 2F
2-2: Ball
3-2: Strikes out swinging
Bottom of the 3rd over - 1 run(s), 2 hit(s), 0 error(s), 1 left on base; Vermont 1 - Alloway 4
TOP OF THE 4TH
Vermont Lake Monsters batting - Pitching for Alloway Halberds : RHP Daniel Martínez
Batting: RHB Floyd Mitchell 0-0: Foul Ball, location: 2F
0-1: Ball
1-1: Foul Ball, location: 2F
1-2: Ball
2-2: SOLO HOME RUN (Flyball, 7D), Distance : 384 ft
Batting: RHB Chuck Wolf 0-0: Called Strike
0-1: Called Strike
0-2: Fly out, F5 (Popup, 15)
Batting: RHB Domenic Gallard 0-0: Called Strike
0-1: Ball
1-1: Ball
2-1: Fly out, F8 (Flyball, 8LM)
Batting: RHB Raúl Valadez 0-0: Swinging Strike
0-1: SINGLE (Groundball, 34D)
Batting: RHB Fernando Castro 0-0: Swinging Strike
0-1: Ball
1-1: SINGLE (Line Drive, 56)
Raúl Valadez to second
Batting: LHB Tim Hill 0-0: Ball
1-0: Foul Ball, location: 2F
1-1: Called Strike
1-2: Strikes out swinging
Top of the 4th over - 1 run(s), 3 hit(s), 0 error(s), 2 left on base; Vermont 2 - Alloway 4
BOTTOM OF THE 4TH
Alloway Halberds batting - Pitching for Vermont Lake Monsters : RHP Roberto Cantú
Batting: SHB Ron Peterson 0-0: Ball
1-0: Ball
2-0: Called Strike
2-1: Ball
3-1: Ground out 1-3 (Groundball, 15)
Batting: LHB Esteban Casillas 0-0: Ground out 3-1 (Groundball, 34S)
Batting: SHB Pancho De La Rosa 0-0: Ball
1-0: Swinging Strike
1-1: Ball
2-1: Foul Ball, location: 2F
2-2: Foul Ball, location: 2F
2-2: Strikes out swinging
Bottom of the 4th over - 0 run(s), 0 hit(s), 0 error(s), 0 left on base; Vermont 2 - Alloway 4
TOP OF THE 5TH
Vermont Lake Monsters batting - Pitching for Alloway Halberds : RHP Daniel Martínez
Batting: RHB Ray John 0-0: Foul Ball, location: 2F
0-1: Foul Ball, location: 2F
0-2: Ball
1-2: Ball
2-2: Foul Ball, location: 2F
2-2: Foul Ball, location: 2F
2-2: SINGLE (Groundball, 6)
Batting: RHB Sean MacKnight 0-0: Fly out, F9 (Flyball, 89M)
Batting: LHB Manny Valentín 0-0: Ball
1-0: Fielders Choice at 2nd, 3-6 (Groundball, 3)
Batting: RHB Floyd Mitchell 0-0: Ball
1-0: Foul Ball, location: 2F
1-1: Foul Ball, location: 2F
1-2: Ball
2-2: Ground out 5-3 (Groundball, 56)
Top of the 5th over - 0 run(s), 1 hit(s), 0 error(s), 1 left on base; Vermont 2 - Alloway 4
BOTTOM OF THE 5TH
Alloway Halberds batting - Pitching for Vermont Lake Monsters : RHP Roberto Cantú
Batting: RHB Juan Salinas 0-0: Ground out 1-3 (Groundball, 13S)
Batting: RHB Carlos Maldonado 0-0: Ball
1-0: Ground out 5-3 (Groundball, 5)
Batting: RHB Christovăo Galho 0-0: Called Strike
0-1: Ball
1-1: Ball
2-1: Ball
3-1: Called Strike
3-2: Base on Balls
Batting: RHB Jarred Morgan 0-0: Called Strike
Christovăo Galho is caught stealing 2nd base
Bottom of the 5th over - 0 run(s), 0 hit(s), 0 error(s), 0 left on base; Vermont 2 - Alloway 4
TOP OF THE 6TH
Vermont Lake Monsters batting - Pitching for Alloway Halberds : RHP Daniel Martínez
Batting: RHB Chuck Wolf 0-0: Called Strike
0-1: Fly out, F8 (Flyball, 8RD)
Batting: RHB Domenic Gallard 0-0: Swinging Strike
0-1: Fly out, F9 (Popup, 9S)
Batting: RHB Raúl Valadez 0-0: Ball
1-0: Called Strike
1-1: Foul Ball, location: 2F
1-2: Strikes out looking
Top of the 6th over - 0 run(s), 0 hit(s), 0 error(s), 0 left on base; Vermont 2 - Alloway 4
BOTTOM OF THE 6TH
Alloway Halberds batting - Pitching for Vermont Lake Monsters : RHP Roberto Cantú
Batting: RHB Jarred Morgan 0-0: Ball
1-0: Swinging Strike
1-1: SINGLE (Groundball, 56D)
Batting: RHB Dennis Clifton 0-0: Called Strike
Jarred Morgan is caught stealing 2nd base
0-1: SINGLE (Line Drive, 8RS)
Batting: RHB Stewart Ralston 0-0: Called Strike
0-1: Foul Ball, location: 2F
0-2: Ball
1-2: Foul Ball, location: 2F
1-2: Ball
2-2: Reached on error, E2 (Groundball, 2R)
Dennis Clifton to second
Batting: SHB Ron Peterson 0-0: Ball
1-0: Ball
2-0: Ball
3-0: Base on Balls
Dennis Clifton to third
Stewart Ralston to second
Batting: LHB Esteban Casillas 0-0: Ball
1-0: Ball
2-0: Fielders Choice at 3rd, U5 (Groundball, 5L)
Dennis Clifton scores
Ron Peterson to second
Batting: SHB Pancho De La Rosa 0-0: Ball
1-0: Ball
2-0: Foul Ball, location: 2F
2-1: Foul Ball, location: 2F
2-2: Foul Ball, location: 2F
2-2: Strikes out looking
Bottom of the 6th over - 1 run(s), 2 hit(s), 1 error(s), 2 left on base; Vermont 2 - Alloway 5
TOP OF THE 7TH
Vermont Lake Monsters batting - Pitching for Alloway Halberds : RHP Daniel Martínez
Batting: RHB Fernando Castro 0-0: Ball
1-0: Swinging Strike
1-1: Foul Ball, location: 2F
1-2: Strikes out swinging
Batting: LHB Tim Hill 0-0: Ball
1-0: Ball
2-0: Ball
3-0: Base on Balls
Pitching: RHP Jim Unknown
Batting: RHB Ray John 0-0: Called Strike
0-1: Grounds into double play, 6-4-3 (Groundball, 6)
Top of the 7th over - 0 run(s), 0 hit(s), 0 error(s), 0 left on base; Vermont 2 - Alloway 5
BOTTOM OF THE 7TH
Alloway Halberds batting - Pitching for Vermont Lake Monsters : RHP Roberto Cantú
Batting: RHB Juan Salinas 0-0: Foul Ball, location: 2F
0-1: Ball
1-1: Ground out 6-3 (Groundball, 6)
Batting: RHB Carlos Maldonado 0-0: Fly out, F8 (Flyball, 89XD)
Batting: RHB Christovăo Galho 0-0: Ball
1-0: Ball
2-0: Ground out 5-3 (Groundball, 5)
Bottom of the 7th over - 0 run(s), 0 hit(s), 0 error(s), 0 left on base; Vermont 2 - Alloway 5
TOP OF THE 8TH
Vermont Lake Monsters batting - Pitching for Alloway Halberds : RHP Jim Unknown
Batting: RHB Sean MacKnight 0-0: Called Strike
0-1: Called Strike
0-2: Ball
1-2: Ball
2-2: Strikes out swinging
Batting: LHB Manny Valentín 0-0: Foul Ball, location: 2F
0-1: Ball
1-1: Fly out, F9 (Flyball, 89M)
Batting: RHB Floyd Mitchell 0-0: Ball
1-0: Ball
2-0: Swinging Strike
2-1: Called Strike
2-2: Ball
3-2: Base on Balls
Batting: RHB Chuck Wolf 0-0: Ball
1-0: Ball
2-0: Ball
3-0: Base on Balls
Floyd Mitchell to second
Batting: RHB Domenic Gallard 0-0: Ball
1-0: Ball
2-0: Called Strike
2-1: Swinging Strike
2-2: Ball
3-2: Foul Ball, location: 2F
3-2: Ground out 6-3 (Groundball, 56)
Top of the 8th over - 0 run(s), 0 hit(s), 0 error(s), 2 left on base; Vermont 2 - Alloway 5
BOTTOM OF THE 8TH
Alloway Halberds batting - Pitching for Vermont Lake Monsters : RHP Roberto Cantú
Pitching: RHP Ed Jacobs
Batting: RHB Jarred Morgan 0-0: Ball
1-0: Ball
2-0: SINGLE (Flyball, 6MD)
Batting: RHB Dennis Clifton 0-0: Ball
1-0: SINGLE (Line Drive, 89M)
Jarred Morgan to second
Runner from 2nd tries for 3rd, SAFE, no throw or cutoff
Batting: RHB Stewart Ralston 0-0: Called Strike
0-1: Foul Ball, location: 2F
0-2: Foul Ball, location: 2F
0-2: Foul Ball, location: 2F
0-2: Foul Ball, location: 2F
0-2: Strikes out looking
Batting: SHB Ron Peterson 0-0: Foul Ball, location: 2F
0-1: Ball
1-1: Ball
2-1: Ball
3-1: Swinging Strike
3-2: Fielders Choice at 2nd, 5-4 (Groundball, 5L)
Jarred Morgan scores
Batting: LHB Esteban Casillas 0-0: Swinging Strike
0-1: SINGLE (Groundball, 56)
Ron Peterson to second
Batting: SHB Pancho De La Rosa 0-0: Called Strike
0-1: Foul Ball, location: 2F
0-2: Foul Ball, location: 2F
0-2: Ball
1-2: Ball
2-2: Fielders Choice at 2nd, U6 (Groundball, 6M)
Bottom of the 8th over - 1 run(s), 3 hit(s), 0 error(s), 2 left on base; Vermont 2 - Alloway 6
TOP OF THE 9TH
Vermont Lake Monsters batting - Pitching for Alloway Halberds : RHP Jim Unknown
Pitching: RHP Jim Unknown
Batting: RHB Raúl Valadez 0-0: Ball
1-0: Swinging Strike
1-1: Ball
2-1: TRIPLE (Line Drive, 8LM)
Batting: RHB Fernando Castro 0-0: Ball
1-0: Foul Ball, location: 2F
1-1: Ball
2-1: Ground out 6-3 (Groundball, 6)
Raúl Valadez scores
Batting: LHB Tim Hill 0-0: Called Strike
0-1: Foul Ball, location: 2F
0-2: Foul Ball, location: 2F
0-2: Ball
1-2: Strikes out swinging
Batting: RHB Ray John 0-0: Ball
1-0: Called Strike
1-1: Swinging Strike
1-2: Ball
2-2: Ground out 6-3 (Groundball, 6M)
Top of the 9th over - 1 run(s), 1 hit(s), 0 error(s), 0 left on base; Vermont 3 - Alloway 6
This league is powered by Out of the Park Baseball, the baseball management simulation game for PC, Mac and Linux
Monday, October 3rd, 2016 - OOTP Baseball 16.9 Build 39